 Dungeon Crawl Stone Soup version 0.18-a0-1514-g6ed9364 (webtiles) character file.

171 Bubs the Sneak (level 5, -1/26 HPs)
             Began as a Vine Stalker Assassin on Mar 6, 2016.
             Slain by Grinder (7 damage)
             ... while paralysed by Grinder
             ... on level 3 of the Dungeon.
             The game lasted 00:06:46 (1629 turns).

Bubs the Sneak (Vine Stalker Assassin)              Turns: 1629, Time: 00:06:46

Health: -1/26      AC:  4    Str: 14    XL:     5   Next: 51%
Magic:  0/6        EV:  2    Int: 11    God:
Gold:   80         SH:  0    Dex: 16    Spells: 0 memorised, 4 levels left

rFire  + . .     SeeInvis .     b - +0 blowgun
rCold  . . .     Gourm    .     c - +0 robe
rNeg   . . .     Faith    .     (no shield)
rPois  .         Spirit   +     (no helmet)
rElec  .         Dismiss  .     d - +0 cloak
rCorr  .         Reflect  .     v - +0 pair of gloves
SustAt .         Harm     .     (no boots)
MR     .....                    (no amulet)
Stlth  ++++......               (no ring)
                                s - ring of protection from fire

@: paralysed, not resistant to hostile enchantments, stealthy
A: fangs 2, regeneration 1, magic shield, antimagic bite, no device heal 3, rot
immunity
a: no special abilities


You were on level 3 of the Dungeon.
You were hungry.

You visited 1 branch of the dungeon, and saw 3 of its levels.
You also visited: Sewer.

You collected 80 gold pieces.

Inventory:

Hand Weapons
 a - a +2 dagger
 b - a +0 blowgun (weapon)
Missiles
 e - a poisoned needle (quivered)
 y - 16 poisoned arrows
Armour
 c - a +0 robe (worn)
 d - a +0 cloak (worn)
 v - a +0 pair of gloves (worn)
Jewellery
 s - a ring of protection from fire (left hand)
Wands
 x - a wand of acid (4/15)
Scrolls
 j - a scroll of remove curse
 m - a scroll of amnesia {unknown}
 n - 2 scrolls of teleportation
 q - a scroll of recharging
 r - a scroll of magic mapping
 u - a scroll of fear {unknown}
Potions
 h - 3 potions of flight {unknown}
 k - 4 potions of curing
 l - a potion of invisibility {unknown}
 o - 2 potions of lignification
 p - a potion of berserk rage {unknown}
 t - a potion of degeneration {unknown}
 w - a potion of mutation {unknown}
 A - a potion of heal wounds {unknown}
Comestibles
 g - a bread ration
 i - a royal jelly
 z - a meat ration


   Skills:
 + Level 2.0 Fighting
 + Level 2.3 Short Blades
 + Level 2.0 Throwing
 + Level 2.2 Dodging
 + Level 6.9 Stealth


You had 4 spell levels left.
You didn't know any spells.

Dungeon Overview and Level Annotations

Branches:
Dungeon (3/15)

Altars:
Gozag

Annotations:
D:3 Grinder


Innate Abilities, Weirdness & Mutations

You have extremely sharp teeth.
Your natural rate of healing is unusually fast.
When hurt, damage is shared between your health and your magic reserves.
Your bite disrupts and absorbs the magic of your enemies.
Potions and wands cannot restore your health.
You are immune to rotting.


Message History

The floor.
Firing (i - inventory):
e - 3 poisoned needles (quivered)
Press: ? - help, Shift-Dir - straight line, f/p - Grinder
Aim: Grinder You shoot a poisoned needle.
The poisoned needle hits Grinder!
Firing (i - inventory):
e - 2 poisoned needles (quivered)
Press: ? - help, Shift-Dir - straight line, f/p - Grinder
Aim: Grinder You shoot a poisoned needle.
The poisoned needle hits Grinder!
Grinder gestures at you.
You suddenly lose the ability to move!
Grinder hits you!
You writhe in agony.
You are feeling hungry.
Grinder gestures at you.
You struggle to resist.
Grinder hits you! Grinder hits you.
You writhe in agony.
* * * LOW HITPOINT WARNING * * *
Grinder hits you!
You die...

######.# ############
#....... #.......?..###
#.###..# #.........>.....
###.## #
#............(.###....# #.
#.....(......(.......## #..
#....†....(...#####...#
#...##............# ##...##
..........@5(...# ###....##
#.##..........####.......#
##.#..#.....$.....?.........#
....>...#.#...######........#
#....#...#....# ##.....(.#
#..? #≈≈≈#..#... ##...##.#.#
#.. #≈≈≈#.####.# #...###(#..
#≈≈≈#?####..##.#.###.##.
#≈≈≈#...................


You could see Grinder.

Vanquished Creatures
  A big kobold (Sewer)
  2 adders (D:2)
  A river rat (Sewer)
  2 oozes (D:1)
  A worm (D:2)
  A dart slug (D:1)
  4 giant geckos (D:3)
  8 giant cockroaches
  4 goblins
  4 hobgoblins
  2 jackals (Sewer)
  3 ball pythons (D:1)
  6 bats
  3 giant newts
  7 kobolds
  10 rats
59 creatures vanquished.

Notes
Turn   | Place    | Note
--------------------------------------------------------------
     0 | D:1      | Bubs the Vine Stalker Assassin began the quest for the Orb.
     0 | D:1      | Reached XP level 1. HP: 11/11 MP: 2/2
    87 | D:1      | Reached skill level 5 in Stealth
   145 | D:1      | Reached XP level 2. HP: 15/15 MP: 3/3
   351 | D:1      | Reached XP level 3. HP: 18/18 MP: 4/4
   407 | D:1      | Reached skill level 1 in Dodging
   783 | D:2      | Reached skill level 6 in Stealth
   987 | D:2      | Reached XP level 4. HP: 17/23 MP: 3/5
  1325 | D:3      | Found an opulent altar of Gozag.
  1336 | D:3      | Noticed Grinder
  1375 | D:3      | Found a glowing drain.
  1392 | Sewer    | Entered a sewer
  1445 | Sewer    | Noticed a big kobold
  1490 | Sewer    | Killed a big kobold
  1490 | Sewer    | Reached XP level 5. HP: 26/26 MP: 6/6
  1523 | Sewer    | Found a white marble altar of Elyvilon.
  1624 | D:3      | Paralysed by Grinder for 6 turns
  1629 | D:3      | Slain by Grinder

Vault maps used:
D:1:      sevenhm_arrival_forest_fort_large_2
D:3:      lemuel_round_altar, portal_sewer_entry_f, nemelex_spade_bored_becter,
          uniq_grinder
Sewer:    sewer_kobolds

Skill      XL: |  1  2  3  4 |
---------------+-------------+-----
Stealth        | 5 6 |  6.9
Throwing       | 2 |  2.0
Short Blades   | 2 |  2.3
Dodging        | 1 2 |  2.2
Fighting       | 2 |  2.0

Action                   |  1- 3 |  4- 6 || total
-------------------------+-------+-------++-------
Melee: Dagger            |    92 |    74 ||   166
 Fire: Blowgun           |     9 |    12 ||    21
  Use: Scroll            |     3 |     3 ||     6
 Stab: Sleeping          |     4 |     5 ||     9
  Eat: Chunk             |       |     2 ||     2
